 Dungeon Crawl Stone Soup version 0.17-a0-510-g7ac023d (webtiles) character file.

99194 Ghalim the Bludgeoner (level 16, 0/114 HPs)
             Began as a Gargoyle Fighter on Apr 4, 2015.
             Was the Champion of Okawaru.
             Killed from afar by an ice dragon (41 damage)
             ... with a blast of cold
             ... on level 15 of the Dungeon on Apr 11, 2015.
             The game lasted 01:21:38 (28390 turns).

Ghalim the Bludgeoner (Gargoyle Fighter)           Turns: 28390, Time: 01:21:38

Health: 0/114      AC: 33    Str: 30    XL:     16   Next: 24%
Magic:  25/25      EV: 11    Int: 15    God:    Okawaru [******]
Gold:   1503       SH: 17    Dex: 11    Spells: 0 memorised, 15 levels left

rFire  . . .     SeeInvis +     K - +3 flail (crush)
rCold  . . .     Clarity  .     p - +1 chain mail {MR+}
rNeg   + . .     SustAb   +     n - +2 shield
rPois  ∞         Gourm    .     Q - +2 hat of Protective Custody {Contam Str+3 Int+4 Dex+2}
rElec  +         Spirit   .     b - +0 cloak
rCorr  .         Warding  .     r - +0 pair of gloves "Irumpow" {MP+9 Int+2}
rMut   .         Stasis   .     Y - +1 pair of boots of the Jolly Planets {Regen+}
MR     ++...                    O - amulet of faith (curse)
Stlth  ..........               D - ring of see invisible
                                J - ring of sustain abilities

@: heroism, studying Slings, very resistant to hostile enchantments, extremely
unstealthy
A: big wings, negative energy resistance 1, electricity resistance, unbreathing,
petrification resistance, rot immunity, AC +11
a: Fly, Heroism, Finesse, Renounce Religion


You were on level 15 of the Dungeon.
You worshipped Okawaru.
Okawaru was exalted by your worship.
You were not hungry.

You visited 3 branches of the dungeon, and saw 24 of its levels.

You collected 1543 gold pieces.
You spent 40 gold pieces at shops.

Inventory:

Hand weapons
 K - a +3 flail of crushing (weapon)
Armour
 a - a +2 helmet
 b - a +0 cloak (worn)
 n - a +2 shield (worn)
 p - a +1 chain mail of magic resistance (worn)
 r - the +0 pair of gloves "Irumpow" (worn) {MP+9 Int+2}
   (Okawaru gifted it to you on level 7 of the Lair of Beasts)

   It affects your intelligence (+2).
   It affects your magic capacity (+9).
 Q - the +2 hat of Protective Custody (worn) {Contam Str+3 Int+4 Dex+2}
   (Okawaru gifted it to you on level 1 of the Lair of Beasts)

   It affects your strength (+3).
   It affects your intelligence (+4).
   It affects your dexterity (+2).
   It causes magical contamination when unequipped.
 T - a +2 hat of see invisible
 Y - the +1 pair of boots of the Jolly Planets (worn) {Regen+}
   (Okawaru gifted it to you on level 13 of the Dungeon)

   It increases your rate of regeneration.
Jewellery
 v - an uncursed amulet of stasis {unknown}
 D - a ring of see invisible (right hand)
 J - a ring of sustain abilities (left hand)
 M - an uncursed ring of protection from cold
 O - a cursed amulet of faith (around neck)
Magical devices
 i - a wand of flame (28)
 x - a wand of heal wounds (5)
 y - a wand of digging (11)
 I - a wand of teleportation (4)
 L - a wand of frost (27)
Scrolls
 g - a scroll of silence {unknown}
 l - 5 scrolls of recharging
 m - 7 scrolls of remove curse
 s - 8 scrolls of teleportation
 t - a scroll of identify
 w - 5 scrolls of magic mapping
 R - a scroll of enchant weapon
Potions
 e - 3 potions of might
 f - 6 potions of restore abilities
 h - 8 potions of curing
 k - 4 potions of mutation
 o - 8 potions of heal wounds
 q - 3 potions of magic
 B - 5 potions of haste
 P - a potion of degeneration {unknown}
Books
 z - a manual of Slings
Comestibles
 c - a beef jerky
 d - 9 bread rations
 j - 9 meat rations
 u - 4 slices of pizza
 G - 41 fruits


   Skills:
 - Level 18.0(23.0) Fighting
 - Level 18.2(23.2) Maces & Flails
 + Level 10.2(15.2) Armour
 + Level 10.3(15.3) Shields


You had 15 spell levels left.
You didn't know any spells.

Dungeon Overview and Level Annotations

Branches:
Dungeon (15/15)            Temple (1/1) D:7            Lair (8/8) D:9
 Shoals (0/5) Lair:4        Snake (0/5) Lair:3        Slime (0/6) Lair:8
    Orc (0/4) D:12         Vaults (0/5) D:14
 Depths: D:15

Altars:
Ashenzari
Cheibriados
Dithmenos
Elyvilon
Fedhas
Gozag
Kikubaaqudgha
Makhleb
Okawaru
Qazlal
Ru
Trog
Vehumet
Xom
Yredelemnul
Zin
The Shining One
Jiyva

Shops:
D:4 *   D:6 (*   D:14 *

Annotations:
Lair:8 1 runed door


Innate Abilities, Weirdness & Mutations

You are resistant to torment.
Your stone body is resilient (AC +11).
You are immune to poison.
Your large and strong wings let you fly indefinitely.
You resist negative energy.
You are resistant to electric shocks.
You can survive without breathing.
You are immune to petrification.
You are immune to rotting.


Message History

You closely miss the ice dragon.
The ice dragon is moderately wounded.
You block the ice dragon's attack.
The ice dragon claws you but does no damage.
You block the ice dragon's attack.
You closely miss the ice dragon.
The ice dragon is moderately wounded.
You sock the ice dragon!
The ice dragon is moderately wounded.
The ice dragon bites you but does no damage.
The ice dragon closely misses you. You block the ice dragon's attack.
You closely miss the ice dragon.
The ice dragon is moderately wounded.
The ice dragon bites you but does no damage.
You block the ice dragon's attack. x2
You sock the ice dragon!
The ice dragon is heavily wounded.
The ice dragon breathes frost at you. The blast of cold hits you!
You die...

. ### ....# $$$. .....#
......##### .....#
#.....## ....#
....D.##†..##....####+
$$$ ##D8..##.[....... #
##@.....#.........
........................
........................
........................
...####+#+###...........
. #...........
#...........
#......#####
#......#....


You could see an ice dragon.

Vanquished Creatures
  A fire giant (D:14)
  Maud (Lair:3)
  Nessos (D:13)
  6 dire elephants (Lair:8)
  4 vault guards (D:14)
  A fire dragon (D:14)
  An ice dragon (D:15)
  7 hydras
  The ghost of busb the Martial Artist, a powerful DsWn of Cheibriados (D:11)
  A catoblepas (D:13)
  2 centaur warriors
  Erica (Lair:1)
  An anaconda (Lair:8)
  The ghost of Sixotanaka the Severer, an experienced HOBe of Trog (Lair:1)
  The ghost of jorbis the Sharpshooter, an experienced CeHu of Nemelex Xobeh (Lair:1)
  7 death yaks (Lair:6)
  Nergalle (Lair:3)
  5 skeletal warriors (D:13)
  7 unseen horrors
  4 hill giants
  A lindwurm (Lair:7)
  A wolf spider zombie (D:14)
  3 manticores
  4 griffons
  3 cyclopes
  10 ugly things
  29 elephants
  A guardian serpent (D:12)
  Maurice (D:10)
  A siren (Lair:4)
  A centaur zombie (D:14)
  16 spiny frogs
  5 black mambas
  9 komodo dragons
  A kobold demonologist (D:15)
  2 wandering mushrooms (D:9)
  7 trolls
  6 polar bears
  Grinder (D:4)
  4 blink frogs
  A two-headed ogre (D:12)
  A trapdoor spider zombie (D:10)
  3 shadows
  3 wyverns
  8 slime creatures (D:12)
  Sigmund (D:9)
  A wraith (D:11)
  60 yaks
  4 basilisks
  6 humans (D:9)
  A spriggan (Lair:2)
  Grum (Lair:1)
  11 hippogriffs
  12 wolves
  4 nagas (Lair:3)
  Edmund (D:6)
  2 mottled dragons (D:12)
  6 orc warriors
  2 soldier ants
  20 water moccasins
  3 eyes of draining
  2 necrophages (D:10)
  6 ice beasts
  4 porcupines
  3 black bears
  2 wasps
  A phantom (D:4)
  4 sky beasts
  2 boring beetles
  7 ogres
  4 centaurs
  2 big kobolds
  Blork the orc (D:4)
  13 crocodiles
  20 giant frogs
  A gnoll sergeant (D:12)
  A water moccasin skeleton (D:5)
  A wyvern skeleton (D:13)
  2 wyvern zombies
  3 scorpions
  A wight (D:14)
  7 killer bees
  3 electric eels
  A goliath beetle (D:7)
  8 crimson imps
  10 hounds
  2 giant frog zombies
  9 centaur skeletons
  Ijyb (D:9)
  9 jellies
  2 orc priests
  9 iguanas
  10 orc wizards
  Natasha (thrice) (D:2)
  A giant frog skeleton (D:10)
  A quasit (D:11)
  17 worker ants
  10 sheep
  A hound zombie (D:8)
  9 gnolls
  35 river rats
  A worker ant zombie (D:10)
  31 adders
  4 shadow imps
  3 worms
  An adder zombie (D:5)
  An adder skeleton (D:5)
  8 giant geckos
  An ooze (D:2)
  45 orcs
  A bat skeleton (D:4)
  A bat zombie (D:5)
  4 giant cockroaches
  18 goblins
  18 hobgoblins
  18 jackals
  14 quokkas
  19 bats
  10 giant newts
  24 kobolds
  15 rats
  12 ballistomycetes
  3 plants (Lair:8)
791 creatures vanquished.

Vanquished Creatures (others)
  4 giant spores
  16 fungi
  5 plants
25 creatures vanquished.

Grand Total: 816 creatures vanquished

Notes
Turn   | Place    | Note
--------------------------------------------------------------
     0 | D:1      | Ghalim, the Gargoyle Fighter, began the quest for the Orb.
     0 | D:1      | Reached XP level 1. HP: 14/14 MP: 1/1
   160 | D:1      | Reached XP level 2. HP: 17/19 MP: 2/2
   741 | D:1      | Reached XP level 3. HP: 24/24 MP: 3/3
   785 | D:2      | Noticed Natasha
   821 | D:1      | Reached skill level 4 in Fighting
   902 | D:2      | Reached XP level 4. HP: 19/29 MP: 4/4
  1447 | D:2      | Killed Natasha
  1447 | D:2      | Reached XP level 5. HP: 34/34 MP: 5/5
  1546 | D:2      | Noticed Natasha
  1552 | D:2      | Killed Natasha
  1687 | D:2      | Found an opulent altar of Gozag.
  1801 | D:2      | Noticed Natasha
  1805 | D:2      | Killed Natasha
  2730 | D:4      | Reached skill level 5 in Fighting
  2748 | D:4      | Found Wuarphaul's Assorted Antiques.
  2756 | D:4      | Bought a scroll of identify for 40 gold pieces
  2783 | D:4      | Found a bloodstained altar of Trog.
  2847 | D:4      | Reached skill level 5 in Maces & Flails
  2847 | D:4      | Reached XP level 6. HP: 34/40 MP: 6/6
  2993 | D:4      | Noticed Blork the orc
  3001 | D:4      | Killed Blork the orc
  3471 | D:4      | Reached XP level 7. HP: 44/44 MP: 7/7
  3486 | D:4      | Reached skill level 6 in Maces & Flails
  3841 | D:4      | Noticed a phantom
  3849 | D:4      | Noticed Grinder
  3853 | D:4      | Paralysed by Grinder for 6 turns
  3868 | D:4      | Killed Grinder
  3868 | D:4      | Reached skill level 7 in Maces & Flails
  3876 | D:4      | Killed a phantom
  4085 | D:4      | Upgraded the game from 0.17-a0-446-g0166263 to 0.17-a0-461-g772d41b
  4089 | D:5      | Entered Level 5 of the Dungeon
  4098 | D:5      | Noticed a yak
  4099 | D:5      | Noticed a yak
  4099 | D:5      | Noticed a yak
  4100 | D:5      | Noticed a yak
  4109 | D:4      | Upgraded the game from 0.17-a0-461-g772d41b to 0.17-a0-464-g85d6e2c
  4272 | D:5      | Reached XP level 8. HP: 50/52 MP: 8/8
  4645 | D:5      | Reached skill level 8 in Maces & Flails
  5238 | D:6      | Noticed Edmund
  5376 | D:6      | Killed Edmund
  5424 | D:6      | Found Guemomeq's Weapon Emporium.
  5477 | D:6      | Found a stormy altar of Qazlal.
  5545 | D:6      | Reached skill level 9 in Maces & Flails
  5599 | D:6      | Found Vimemase's Serpentskin Sales.
  5611 | D:6      | Reached XP level 9. HP: 57/59 MP: 9/9
  6034 | D:7      | Found a staircase to the Ecumenical Temple.
  6044 | Temple   | Entered the Ecumenical Temple
  6129 | Temple   | Became a worshipper of Warmaster Okawaru
  6226 | D:7      | Reached skill level 10 in Maces & Flails
  6731 | D:8      | Acquired Okawaru's first power
  7438 | D:8      | Reached skill level 11 in Maces & Flails
  7817 | D:9      | Noticed Sigmund
  7840 | D:9      | Reached XP level 10. HP: 61/66 MP: 10/10
  7859 | D:9      | Killed Sigmund
  7972 | D:9      | Noticed a wandering mushroom
  7987 | D:9      | Found a staircase to the Lair.
  7987 | D:9      | Noticed a wandering mushroom
  7993 | D:9      | Killed a wandering mushroom
  8063 | D:9      | Reached skill level 12 in Maces & Flails
  8203 | D:9      | Killed an unseen horror
  8203 | D:9      | Reached skill level 10 in Fighting
  8803 | D:9      | Noticed Ijyb
  8811 | D:9      | Killed Ijyb
  8867 | D:9      | Reached skill level 5 in Armour
  8867 | D:9      | Reached skill level 5 in Shields
  9253 | D:9      | Killed a wandering mushroom
  9334 | D:10     | Entered Level 10 of the Dungeon
  9342 | D:10     | Reached XP level 11. HP: 72/72 MP: 11/11
  9603 | D:10     | Noticed Maurice
  9670 | D:10     | Killed Maurice
  9980 | D:10     | Acquired Okawaru's second power
  9980 | D:10     | Received a gift from Okawaru
 10723 | D:11     | Noticed busb's ghost (powerful DsWn)
 11019 | Lair:1   | Entered Level 1 of the Lair of Beasts
 11023 | Lair:1   | Noticed Sixotanaka's ghost (experienced HOBe)
 11054 | Lair:1   | Killed Sixotanaka's ghost
 11254 | Lair:1   | Noticed jorbis's ghost (experienced CeHu)
 11280 | Lair:1   | Killed jorbis's ghost
 11280 | Lair:1   | Reached XP level 12. HP: 69/77 MP: 12/12
 11420 | Lair:1   | Received a gift from Okawaru
 11590 | Lair:1   | Reached skill level 10 in Shields
 11715 | Lair:1   | Reached skill level 10 in Armour
 11746 | Lair:1   | Noticed Erica
 11759 | Lair:1   | Killed Erica
 11836 | Lair:1   | Noticed a seven-headed hydra
 11859 | Lair:1   | Killed a seven-headed hydra
 12200 | Lair:1   | Noticed Grum
 12224 | Lair:1   | Killed Grum
 12283 | Lair:1   | Noticed a four-headed hydra
 12295 | Lair:1   | Killed a four-headed hydra
 12481 | Lair:1   | Reached skill level 13 in Maces & Flails
 12487 | Lair:1   | Received a gift from Okawaru
 12506 | Lair:1   | Got a bloodstained hat {god gift}
 12517 | Lair:1   | Identified the +2 hat of Protective Custody {Contam Str+3 Int+4 Dex+2} (Okawaru gifted it to you on level 1 of the Lair of Beasts)
 12991 | Lair:2   | Noticed a five-headed hydra
 13006 | Lair:2   | Killed a five-headed hydra
 13462 | Lair:2   | Found a sacrificial altar of Ru.
 13829 | Lair:2   | Reached XP level 13. HP: 86/86 MP: 13/13
 14132 | Lair:3   | Noticed Nergalle
 14146 | Lair:3   | Killed Nergalle
 14251 | Lair:3   | Noticed Maud
 14311 | Lair:3   | Reached skill level 14 in Maces & Flails
 14330 | Lair:3   | Killed Maud
 14628 | Lair:3   | Found a staircase to the Snake Pit.
 15425 | Lair:4   | Found a staircase to the Shoals.
 15438 | Lair:4   | Received a gift from Okawaru
 16514 | Lair:5   | Upgraded the game from 0.17-a0-464-g85d6e2c to 0.17-a0-470-g171ef40
 17574 | Lair:6   | Reached skill level 15 in Maces & Flails
 18234 | Lair:6   | Gained mutation: Your large and strong wings let you fly indefinitely. [Gargoyle growth]
 18234 | Lair:6   | Reached XP level 14. HP: 60/96 MP: 12/14
 18530 | Lair:7   | Received a gift from Okawaru
 18531 | Lair:7   | Got a pair of twisted gloves {god gift}
 18797 | Lair:6   | Identified the +0 pair of gloves "Irumpow" {MP+9 Int+2} (Okawaru gifted it to you on level 7 of the Lair of Beasts)
 19616 | Lair:6   | Reached skill level 15 in Fighting
 20425 | Lair:7   | Reached skill level 16 in Maces & Flails
 20500 | Lair:8   | Entered Level 8 of the Lair of Beasts
 20727 | Lair:8   | Found a runed door.
 20728 | Lair:8   | Found a viscous altar of Jiyva.
 20728 | Lair:8   | Noticed an acid blob
 20732 | Lair:8   | Found a staircase to the Slime Pits.
 22086 | Lair:8   | Received a gift from Okawaru
 22381 | Lair:8   | Reached XP level 15. HP: 90/104 MP: 15/15
 22429 | Lair:8   | Upgraded the game from 0.17-a0-470-g171ef40 to 0.17-a0-510-g7ac023d
 23603 | D:11     | Killed busb's ghost
 23681 | D:11     | Reached skill level 17 in Maces & Flails
 24630 | D:12     | Found a staircase to the Orcish Mines.
 24696 | D:12     | Received a gift from Okawaru
 25958 | D:13     | Noticed Nessos
 25984 | D:13     | Killed Nessos
 26267 | D:13     | Found a viscous altar of Jiyva.
 26512 | D:13     | Received a gift from Okawaru
 26555 | D:13     | Got a pair of bloodstained boots {god gift}
 26832 | D:12     | Identified the +1 pair of boots of the Jolly Planets {Regen+} (Okawaru gifted it to you on level 13 of the Dungeon)
 27231 | D:14     | Found a glowing golden altar of the Shining One.
 27670 | D:14     | Found a gate to the Vaults.
 27683 | D:14     | Reached XP level 16. HP: 114/114 MP: 16/16
 27685 | D:14     | Reached skill level 18 in Maces & Flails
 27717 | D:14     | Received a gift from Okawaru
 28072 | D:14     | Found Amitouj's Assorted Antiques.
 28241 | D:14     | Noticed a fire giant
 28251 | D:14     | Killed a fire giant
 28304 | D:15     | Entered Level 15 of the Dungeon
 28390 | D:15     | Killed from afar by an ice dragon

Action                   |  1- 3 |  4- 6 |  7- 9 | 10-12 | 13-15 | 16-18 || total
-------------------------+-------+-------+-------+-------+-------+-------++-------
Melee: Flail             |   115 |   255 |   507 |  1073 |  2113 |   144 ||  4207
Invok: Heroism           |       |       |       |     2 |    11 |     1 ||    14
  Use: Scroll            |       |     5 |     8 |     3 |    12 |       ||    28
       Potion            |       |       |       |     1 |       |       ||     1
 Stab: Fleeing           |       |       |       |       |     1 |       ||     1
  Eat: Chunk             |       |     9 |    14 |    17 |    41 |     2 ||    83
       Beef jerky        |       |       |       |     3 |     3 |       ||     6
       Royal jelly       |       |       |       |       |     1 |       ||     1
